 Dungeon Crawl Stone Soup version 0.29-a0-234-g0dae59b3db (webtiles) character file.

Game seed: 14921398168891614464

273 sammy202020 the Skirmisher (level 6, 0/48 HPs)
             Began as a Demonspawn Berserker on Mar 2, 2022.
             Was a Follower of Trog.
             Slain by an adder (4 damage)
             ... on level 4 of the Dungeon.
             The game lasted 00:04:44 (4009 turns).

sammy202020 the Skirmisher (Demonspawn Berserker)   Turns: 4009, Time: 00:04:44

Health: 0/48       AC:  5    Str: 20    XL:     6   Next: 2%
Magic:  6/6        EV: 11    Int:  8    God:    Trog [*.....]
Gold:   191        SH:  4    Dex: 12    Spells: 5/5 levels left

rFire   + . .      SeeInvis .   a - +0 mace
rCold   . . .      Faith    .   (no shield)
rNeg    . . .      Spirit   .   m - +0 ring mail
rPois   .          Reflect  .   (no helmet)
rElec   .          Harm     .   (no cloak)
rCorr   .          Rampage  .   (no gloves)
Will    .....                   (no boots)
Stlth   +.........              (no amulet)
HPRegen 0.16/turn               c - ring of protection from fire
MPRegen 0.10/turn               (no ring)

@: on berserk cooldown, slowed, very slow
A: large bone plates 1, spiny 1, weakness stinger 1
a: Renounce Religion, Berserk


You were on level 4 of the Dungeon.
You worshipped Trog.
Trog was aware of your devotion.
You visited 1 branch of the dungeon, and saw 4 of its levels.

You collected 191 gold pieces.

Inventory:

Hand Weapons
 a - a +0 mace (weapon)
Missiles
 l - 3 boomerangs (quivered)
Armour
 m - a +0 ring mail (worn)
 r - a +2 cloak of preservation
Jewellery
 c - a ring of protection from fire (left hand)
 o - an amulet of magic regeneration
Wands
 p - a wand of charming (12)
Scrolls
 d - 2 scrolls of amnesia {unknown}
 e - a scroll of identify {unknown}
 f - a scroll of fog {unknown}
 t - a scroll of magic mapping {unknown}
Potions
 b - a potion of magic {unknown}
 g - 2 potions of lignification {unknown}
 h - a potion of heal wounds {unknown}
 i - 3 potions of brilliance {unknown}
 j - a potion of degeneration {unknown}
 k - 2 potions of curing {unknown}
 n - a potion of haste {unknown}
 q - a potion of might {unknown}
 s - 2 potions of flight {unknown}


   Skills:
 + Level 4.2 Fighting
 + Level 3.9 Maces & Flails
 + Level 3.2 Armour
 + Level 3.2 Dodging


You had 5 spell levels left.
You didn't know any spells.
Your spell library was empty.

Dungeon Overview and Level Annotations

Branches:
Dungeon (4/15)
 Temple: D:4-7

Altars:
Dithmenos
Uskayaw
Xom

Annotations:
D:4 Pikel


Innate Abilities, Weirdness & Mutations

You are partially covered in large bone plates. (SH +4)
You are partially covered in sharp spines.
You have a small tail.


Message History

The lemure is struck by your spines. The lemure closely misses you.
You barely miss Pikel.
Pikel is moderately wounded.
The adder barely misses you. The lemure is struck by your spines.
The lemure hits you but does no damage.
Pikel hits you with a +1 whip of freezing.
* * * LOW HITPOINT WARNING * * *
Pikel freezes you.
* * * LOW HITPOINT WARNING * * *
The lemure is struck by your spines. The lemure hits you but does no damage.
You block the adder's attack.
You feel a strong urge to attack something.
You are no longer berserk.
You are exhausted.
You feel yourself slow down.
Okay, then.
You barely miss the adder. The adder bites you.
* * * LOW HITPOINT WARNING * * *
The adder closely misses you.
Pikel says, "Hell isn't that bad."
The adder is struck by your spines. The adder closely misses you.
The adder completely misses you. The adder barely misses you.
You closely miss the adder.
Your tail-slap misses the adder.
The adder is lightly wounded.
The adder closely misses you. The adder bites you but does no damage.
You block the adder's attack. The adder bites you.
* * * LOW HITPOINT WARNING * * *
Things that are here:
a +0 club; 4 stones The adder is struck by your spines.
The adder misses you. The adder bites you but does no damage.
The adder bites you but does no damage. The adder is struck by your spines.
The adder bites you but does no damage. The adder bites you but does no damage.
You block the adder's attack. The adder closely misses you. x2
The adder bites you.
You die...

...#....≈..⌠##.≈#...^..###...
...#§§.#≈..≈.#.##.####...#.######
#≈#≈.#≈...#...###................
..§≈#.≈#.⌠.##.#⌠#.....#.#........
#.#§.≈≈....#..####.##.<...#......
#..##≈≈#..#._.# #..##...#..#....
##⌠#^≈#..)#≈^## ###......#.##....
############# ##..........##....
....# #@....(##.....##..
.....#####S#.######........
......#5.K5#.# #...###..
..#...##5..# ##.<# .
##.###)...### #....# #..
##.#..... ......... # #..
#..###... ###..#.... ##.#..###.##
### ##.###.. #......##.# #.. ..


You could see Pikel, 2 lemures and an adder.

Vanquished Creatures
  Sigmund (D:3)
  Crazy Yiuf (D:3)
  Jessica (D:2)
  A worm (D:3)
  2 dart slugs
  An orc (D:4)
  4 bats
  4 endoplasms (D:2)
  2 giant cockroaches
  5 goblins
  3 hobgoblins
  4 jackals (D:2)
  3 kobolds
  7 quokkas
  4 frilled lizards
  A rat (D:1)
44 creatures vanquished.

Notes
Turn   | Place    | Note
-------+----------+-------------------------------------------
     0 | D:1      | sammy202020 the Demonspawn Berserker began the quest for
                  | the Orb.
     0 | D:1      | Reached XP level 1. HP: 18/18 MP: 1/1
   423 | D:1      | Gained mutation: You are partially covered in large bone
                  | plates. (SH +4) [demonic ancestry]
   423 | D:1      | Reached XP level 2. HP: 24/24 MP: 2/2
  1315 | D:2      | Reached XP level 3. HP: 22/29 MP: 3/3
  1945 | D:2      | Noticed Jessica
  1953 | D:2      | Killed Jessica
  1954 | D:2      | Gained mutation: You are partially covered in sharp spines.
                  | [demonic ancestry]
  1954 | D:2      | Reached XP level 4. HP: 32/35 MP: 4/4
  2311 | D:3      | Found a hide-covered altar of Uskayaw.
  2385 | D:3      | Noticed Sigmund
  2395 | D:3      | Killed Sigmund
  2396 | D:3      | Reached skill level 4 in Fighting
  2396 | D:3      | Gained mutation: You have a small tail. [demonic ancestry]
  2396 | D:3      | Reached XP level 5. HP: 40/42 MP: 5/5
  2785 | D:3      | Found a runed translucent door.
  2786 | D:3      | Noticed Crazy Yiuf
  2836 | D:3      | Reached ** piety under Trog
  2945 | D:3      | Found a shadowy altar of Dithmenos.
  3365 | D:3      | Found a faded altar of an unknown god.
  3460 | D:3      | Killed Crazy Yiuf
  3461 | D:3      | Reached XP level 6. HP: 25/48 MP: 6/6
  3917 | D:4      | Found a shimmering altar of Xom.
  3981 | D:4      | Noticed Pikel
  3997 | D:4      | HP: 2/48 [adder (3)]
  4002 | D:4      | HP: 2/48 [adder (1)]
  4009 | D:4      | Slain by an adder

Illustrated notes

Levels and vault maps discovered:
D:1:      amcnicky_arrival_flooded_fountain, layout_basic,
          hangedman_decor_points
D:2:      layout_basic, minivault_19, minmay_tiny_reverse_x, uniq_jessica
D:3:      layout_basic, nicolae_uskayaw_dance_hall, grunt_dithmenos_smoke,
          shapermc_ecumenical_altar_hornbeckon, uniq_crazy_yiuf_cottage,
          uniq_sigmund
D:4:      black_bear_nest_1, layout_rooms, lemuel_round_altar, tgw_xom,
          mainiacjoe_overflow_alcove_4, minmay_temple_entry_mist,
          nicolae_take_the_stairs, minmay_misc_feat_ornament,
          minmay_manual_mares, uniq_pikel

Skill      XL: |  1  2  3  4 |
---------------+-------------+-----
Armour         | 2 3 |  3.2
Dodging        | 2 3 |  3.2
Maces & Flails | 3 |  3.9
Fighting       | 4 |  4.2

Action                   |  1- 3 |  4- 6 || total
-------------------------+-------+-------++-------
Melee: Mace              |   107 |    38 ||   145
       Punch             |       |     1 ||     1
       Tailslap          |       |     2 ||     2
Invok: Berserk           |       |     3 ||     3
 Stab: Sleeping          |     2 |       ||     2
Armor: Animal skin       |    17 |       ||    17
       Ring mail         |     1 |    14 ||    15
Dodge: Dodged            |    75 |    22 ||    97
Block: Other             |    18 |    11 ||    29

Table legend: (Time is in decaauts)
 A = Elapsed time spent in this place.
 B = Non-inter-level travel time spent in this place.
 C = Inter-level travel time spent in this place.
 D = Time resting spent in this place.
 E = Time spent auto-exploring this place.
 F = Levels seen in this place.
 G = Mean time per level.
                   A        B        C        D        E       F      G
               +--------+--------+--------+--------+--------+-----+--------+
         Total |   4067 |   3938 |    129 |    514 |   2882 |   4 | 1016.8 |
       Dungeon |   4067 |   3938 |    129 |    514 |   2882 |   4 | 1016.8 |
               +--------+--------+--------+--------+--------+-----+--------+

Top non-repeatable levels by time:
     D:3: 1603 daAuts
     D:2: 1165 daAuts
     D:1: 1161 daAuts
     D:4: 138 daAuts
